 Dungeon Crawl Stone Soup version 0.18.1-6-gd335043 (webtiles) character file.

108 dorian the Firebug (level 4, -1/27 HPs)
             Began as an Octopode Fire Elementalist on May 17, 2016.
             Slain by a gnoll
             ... wielding a +0 flail
              (11 damage)
             ... on level 3 of the Dungeon.
             The game lasted 00:05:27 (2316 turns).

dorian the Firebug (Octopode Fire Elementalist)     Turns: 2316, Time: 00:05:27

Health: -1/27      AC:  1    Str:  7    XL:     4   Next: 87%
Magic:  10/16      EV:  6    Int: 18    God:
Gold:   122        SH:  0    Dex: 12    Spells: 1 memorised, 6 levels left

rFire  . . .     SeeInvis .     m - +0 hunting sling
rCold  . . .     Gourm    .     (no shield)
rNeg   . . .     Faith    .     (helmet restricted)
rPois  .         Spirit   .     (no amulet)
rElec  .         Dismiss  .     e - ring of magical power
rCorr  .         Reflect  .     (no ring)
SustAt .         Harm     .     (no ring)
MR     .....                    (no ring)
Stlth  +++.......               (no ring)
                                (no ring)
                                (no ring)
                                (no ring)

@: very slightly contaminated, held, not resistant to hostile enchantments,
fairly stealthy
A: almost no armour, amphibious, 8 rings, constrict 8, camouflage 1, gelatinous
body 1
a: no special abilities


You were on level 3 of the Dungeon.
You were not hungry.

You visited 1 branch of the dungeon, and saw 3 of its levels.

You collected 122 gold pieces.

Inventory:

Hand Weapons
 m - a +0 hunting sling (weapon)
   (You found it on level 2 of the Dungeon)
Missiles
 g - 12 sling bullets (quivered)
 l - 32 bolts
Jewellery
 e - a ring of magical power (left tentacle)
   (You found it on level 1 of the Dungeon)
Scrolls
 a - 2 scrolls of amnesia {unknown}
 c - 2 scrolls of blinking {unknown}
 d - 4 scrolls of identify {unknown}
 f - a scroll of enchant weapon {unknown}
 k - 2 scrolls of recharging {unknown}
 n - a scroll of teleportation {unknown}
 o - 2 scrolls of remove curse {unknown}
 r - a scroll of magic mapping {unknown}
 s - a scroll of fear {unknown}
 v - a scroll of random uselessness {unknown}
Potions
 h - 3 potions of curing {unknown}
 j - 2 potions of ambrosia {unknown}
 p - a potion of cancellation {unknown}
 q - a potion of degeneration {unknown}
 u - a potion of beneficial mutation {unknown}
Books
 A - a book of Flames

   Spells                             Type                      Level
   a - Flame Tongue                   Conjuration/Fire             1
   b - Throw Flame                    Conjuration/Fire             2
   c - Conjure Flame                  Conjuration/Fire             3
   d - Inner Flame                    Hexes/Fire                   3
   e - Sticky Flame                   Conjuration/Fire             4
   f - Fireball                       Conjuration/Fire             5
Comestibles
 b - 4 bread rations
 i - a slice of pizza
 t - a meat ration
 Z - 3 chunks of flesh


   Skills:
 - Level 2.0 Dodging
 - Level 2.6 Stealth
 - Level 2.0 Spellcasting
 + Level 3.3 Conjurations
 + Level 4.2 Fire Magic


You had 6 spell levels left.
You knew the following spells:

 Your Spells              Type           Power        Failure   Level  Hunger
a - Flame Tongue          Conj/Fire      ###..        4%          1    #......


Dungeon Overview and Level Annotations

Branches:
Dungeon (3/15)

Altars:


Innate Abilities, Weirdness & Mutations

You cannot wear most types of armour.
You are amphibious.
You can wear up to eight rings at the same time.
You can use your tentacles to constrict eight enemies at once.
Your skin changes colour to match your surroundings (Stealth).
Your rubbery body absorbs attacks (AC +1).


Message History

The gnoll is lightly wounded.
The gnoll throws a throwing net.
The throwing net hits you.
You become entangled in the net!
You are held in a net!
You try to slip out of the net.
You cannot shoot with your hunting sling while held in a net.
Unknown command.
You struggle to escape the net.
You struggle to escape the net.
Casting: Flame Tongue
Confirm with . or Enter, or press ? or * to list all spells.
Aiming: Flame Tongue
Press: ? - help, Shift-Dir - straight line, f/p - gnoll
Aim: a gnoll, wielding a flail You miscast Flame Tongue.
You are very lightly contaminated with residual magic.
Nothing appears to happen.
Casting: Flame Tongue
Confirm with . or Enter, or press ? or * to list all spells.
Aiming: Flame Tongue
Press: ? - help, Shift-Dir - straight line, f/p - gnoll
Aim: a gnoll, wielding a flail The flame tongue hits the gnoll.
The gnoll is moderately wounded.
The gnoll hits you but does no damage.
Casting: Flame Tongue
Confirm with . or Enter, or press ? or * to list all spells.
Aiming: Flame Tongue
Press: ? - help, Shift-Dir - straight line, f/p - gnoll
Aim: a gnoll, wielding a flail (moderately wounded)
You miscast Flame Tongue.
Lukewarm flames ripple over your body. The gnoll completely misses you.
Casting: Flame Tongue
Confirm with . or Enter, or press ? or * to list all spells.
Aiming: Flame Tongue
Press: ? - help, Shift-Dir - straight line, f/p - gnoll
Aim: a gnoll, wielding a flail (moderately wounded)
The flame tongue hits the gnoll.
The gnoll is heavily wounded.
The gnoll hits you with a flail!
* * * LOW HITPOINT WARNING * * *
Casting: Flame Tongue
Confirm with . or Enter, or press ? or * to list all spells.
Aiming: Flame Tongue
Press: ? - help, Shift-Dir - straight line, f/p - gnoll
Aim: a gnoll, wielding a flail (heavily wounded)
The flame tongue hits the gnoll.
The gnoll is almost dead.
The gnoll hits you with a flail!
You die...

##.# ########.#.### ##.#
#............. ...####
..........#.### ......#
.#.######♣P♣♣♣♣ .####.# #.#
#♣≈≈P♣P≈ ......# ########.#.#
#≈≈P≈≈≈≈ ####..# #........#.#
##P≈≈≈≈≈≈
#..#####...(.####.####≈≈≈≈P≈≈≈ ##
#..#.........@g.))..(≈≈P≈≈P≈≈≈
.###.#..###.....####((((≈$≈≈.P≈Pg
..##..#####.<...# #....(......≈.
...#..###.....### #......)......
.<.............# #.#P≈≈≈...$..$
......###.####.# #.#≈≈♣≈≈P≈≈≈≈.
..###.....# #.# #.###≈♣≈PP≈≈P≈
.## ####### #.#####..##.♣♣≈≈♣♣≈≈
## #...........#♣♣♣♣ ♣♣


You could see a gnoll.

Vanquished Creatures
  2 gnolls (D:3)
  3 adders
  An ooze (D:1)
  2 dart slugs
  A giant gecko (D:2)
  6 giant cockroaches
  4 goblins
  7 hobgoblins
  7 jackals
  3 bats
  2 giant newts
  9 kobolds
  3 rats
50 creatures vanquished.

Vanquished Creatures (others)
  A plant (D:3)
1 creature vanquished.

Grand Total: 51 creatures vanquished

Notes
Turn   | Place    | Note
--------------------------------------------------------------
     0 | D:1      | dorian the Octopode Fire Elementalist began the quest for the Orb.
     0 | D:1      | Reached XP level 1. HP: 11/11 MP: 3/3
    10 | D:1      | HP: 5/11 [giant cockroach (2)]
   416 | D:1      | Reached XP level 2. HP: 17/17 MP: 5/5
   916 | D:2      | Reached skill level 2 in Conjurations
   920 | D:2      | Reached XP level 3. HP: 21/21 MP: 6/6
  1702 | D:3      | Reached XP level 4. HP: 27/27 MP: 7/7
  1794 | D:3      | Reached skill level 4 in Fire Magic
  1909 | D:3      | Reached skill level 3 in Conjurations
  2264 | D:3      | HP: 12/27 [gnoll/whip (3)]
  2315 | D:3      | HP: 10/27 [gnoll/flail (7)]
  2316 | D:3      | Slain by a gnoll

Skill      XL: |  1  2  3  4 |
---------------+-------------+-----
Conjurations   | 2 3 |  3.3
Fire Magic     | 4 |  4.2
Dodging        | |  2.0
Stealth        | |  2.6
Spellcasting   | |  2.0

Action                   |  1- 3 |  4- 6 || total
-------------------------+-------+-------++-------
Melee: Unarmed           |     9 |       ||     9
       Constrict         |     2 |       ||     2
       Tentacles         |     2 |       ||     2
 Fire: Hunting sling     |    42 |    23 ||    65
 Cast: Flame Tongue      |    35 |    22 ||    57
 Stab: Sleeping          |     2 |       ||     2
  Eat: Chunk             |     3 |     2 ||     5
Armor: Skin              |     2 |     1 ||     3
Dodge: Dodged            |    20 |    10 ||    30
